 Dungeon Crawl Stone Soup version 0.30-a0-953-g5f1da4a474 (webtiles) character file.

Game seed: 2628236864786211394

781 mandoloar the Conjurer (level 7, -12/57 HPs)
             Began as a Demigod Conjurer on Mar 28, 2023.
             Mangled by Duvessa
             ... wielding a +1 antimagic short sword
              (17 damage)
             ... on level 5 of the Dungeon.
             The game lasted 00:15:00 (5961 turns).

mandoloar the Conjurer (Demigod Conjurer)           Turns: 5961, Time: 00:15:01

Health: -12/57     AC:  4    Str:  8    XL:     7   Next: 29%
Magic:  1/16       EV: 12    Int: 32    God:
Gold:   222        SH:  0    Dex: 12    Spells: 2/13 levels left

rFire   . . .      SeeInvis .    a - +9 mace "Reis" {flame, rPois Int+4}
rCold   . . .      Faith    .    (no shield)
rNeg    . . .      Spirit   .    c - +0 robe
rPois   +          Reflect  .    m - +0 helmet
rElec   .          Rampage  .    (no cloak)
rCorr   .                        (no gloves)
Will    +....                    f - +0 pair of boots
Stlth   ++                       (no amulet)
HPRegen 0.29/turn                t - ring of willpower
MPRegen 0.15/turn                (no ring)

@: no status effects
A: high MP 1, forlorn, divine attributes
a: no special abilities


You were on level 5 of the Dungeon.
You visited 1 branch of the dungeon, and saw 5 of its levels.

You collected 222 gold pieces.

Inventory:

Hand Weapons
 a - the +9 mace "Reis" (weapon) {flame, rPois Int+4}
   (You found it on level 4 of the Dungeon)

   Int:       It affects your intelligence (+4).
   rPois:     It protects you from poison.
 b - a +0 war axe
Armour
 c - a +0 robe (worn)
 d - a +1 helmet
 f - a +0 pair of boots (worn)
 m - a +0 helmet (worn)
Jewellery
 t - a ring of willpower (left hand)
Scrolls
 h - a scroll of fog
 k - a scroll of acquirement {unknown}
 o - 2 scrolls of fear
 q - a scroll of silence
 s - a scroll of identify
Potions
 e - 5 potions of attraction
 g - 3 potions of heal wounds
 i - a potion of ambrosia {unknown}
 j - a potion of lignification {unknown}
 l - a potion of resistance {unknown}
 p - a potion of haste {unknown}
 r - a potion of degeneration {unknown}
 u - 2 potions of berserk rage {unknown}


   Skills:
 + Level 3.5 Fighting
 - Level 1.8 Dodging
 - Level 1.8 Stealth
 + Level 3.9 Spellcasting
 + Level 5.3 Conjurations
 + Level 2.9 Hexes
 + Level 1.7 Translocations


You had 2 spell levels left.
You knew the following spells:

 Your Spells              Type           Power      Damage    Failure   Level
a - Magic Dart            Conj           100%       1d8       1%          1
b - Searing Ray           Conj           80%        2d7       1%          2
c - Fulminant Prism       Conj/Hex       16%        3d10      11%         4
d - Iskenderun's Mystic   Conj/Tloc      28%        2d7       13%         4

Your spell library contained the following spells:

 Spells                   Type           Power      Damage    Failure   Level
 Dazzling Flash           Conj/Hex       64%        N/A       3%          3
 Vhi's Electric Charge    Tloc/Air       22%        N/A       12%         3
 Manifold Assault         Tloc           17%        N/A       28%         4
 Arcjolt                  Conj/Air       11%        1d21      47%         5
 Dispersal                Tloc           8%         N/A       99%         6
 Disjunction              Tloc           8%         N/A       100%        8
 Maxwell's Capacitive Co  Air            3%         ∞         100%        8


Dungeon Overview and Level Annotations

Branches:
Dungeon (5/15)
 Temple: D:4-7

Annotations:
D:5 Duvessa


Innate Abilities, Weirdness & Mutations

You have an increased reservoir of magic. (+10% MP)
You shall have no god before yourself.
Your divine heritage dramatically boosts your attributes as you level up.


Message History

You feel your power leaking away.
Duvessa hits you with a +1 antimagic short sword!
Casting: Searing Ray (safe; 1% risk of failure)
Confirm with . or Enter, or press ? or * to list all spells.
You don't have enough magic to cast this spell.
Magic courses through your body.
Duvessa hits you with a +1 antimagic short sword!
* * * LOW HITPOINT WARNING * * *
You feel your power leaking away.
You feel much better. Duvessa closely misses you.
Duvessa hits you with a +1 antimagic short sword.
You feel your power leaking away.
Casting: Searing Ray (safe; 1% risk of failure)
Confirm with . or Enter, or press ? or * to list all spells.
Aiming: Searing Ray (safe; 1% risk of failure)
Press: ? - help, Shift-Dir - straight line, f/p - Duvessa
Aim: Duvessa, wielding a +1 antimagic short sword and wearing a +0 scale mail (moderately wounded, berserk, 87% to hit)
The searing ray hits Duvessa!
Duvessa is heavily wounded. (Press . to maintain the ray.) Duvessa hits you with a +1 antimagic short sword!
* * * LOW HITPOINT WARNING * * *
You feel your power leaking away.
The searing ray hits Duvessa!
Duvessa is heavily wounded.
Duvessa misses you.
Duvessa hits you with a +1 antimagic short sword!
* * * LOW HITPOINT WARNING * * *
You feel your power leaking away.
Okay, then.
You can't see any enemies this would affect, really read the scroll of fear?
Okay, then.
Okay, then.
Okay, then.
As you read the scroll of fog, it crumbles to dust.
The scroll dissolves into smoke.
Duvessa barely misses you. Duvessa closely misses you.
Duvessa attacks as you move away! Duvessa hits you but does no damage.
Duvessa hits you with a +1 antimagic short sword!
You die...

####
#....#########.
#........... .
#<....... ..
#...e...#... ...
#..>###.# ...
#...#§ .. ..
#...#§#####.####.
#...§§§§e@.......
#.#.#######.#####
.... .. ...
.#.### ....
###..# ..>.
#######.#####
...........<#


You could see Duvessa (berserk).

Vanquished Creatures
  A water moccasin (D:4)
  A centaur (D:4)
  Dowan (D:5)
  2 hounds (D:4)
  2 orc priests
  Jessica (D:3)
  2 iguanas
  5 orc wizards
  Robin (D:3)
  7 gnolls (D:2)
  6 adders
  15 orcs
  4 ball pythons
  5 bats
  5 endoplasms
  4 giant cockroaches
  15 goblins
  5 hobgoblins
  A quokka (D:4)
  6 frilled lizards
  7 kobolds
  4 rats
100 creatures vanquished.

Notes
Turn   | Place    | Note
-------+----------+-------------------------------------------
     0 | D:1      | mandoloar the Demigod Conjurer began the quest for the Orb.
     0 | D:1      | Reached XP level 1. HP: 14/14 MP: 5/5
   310 | D:1      | Reached XP level 2. HP: 22/22 MP: 5/7
   368 | D:1      | Learned a level 2 spell: Searing Ray
   732 | D:2      | Reached skill level 1 in Fighting
  1103 | D:2      | Reached skill level 4 in Conjurations
  1103 | D:2      | Reached XP level 3. HP: 28/28 MP: 3/9
  2127 | D:3      | Noticed Robin
  2189 | D:2      | Reached XP level 4. HP: 36/36 MP: 6/10
  2194 | D:2      | Learned a level 4 spell: Fulminant Prism
  2629 | D:3      | Killed Robin
  3023 | D:2      | Reached skill level 1 in Hexes
  3023 | D:2      | Reached XP level 5. HP: 21/41 MP: 7/12
  3653 | D:3      | Noticed Jessica
  3678 | D:3      | Killed Jessica
  4422 | D:4      | Reached XP level 6. HP: 40/50 MP: 3/14
  4620 | D:4      | Learned a level 4 spell: Iskenderun's Mystic Blast
  5042 | D:4      | Identified the +9 mace "Reis" {flame, rPois Int+4}
  5093 | D:4      | Reached skill level 5 in Conjurations
  5306 | D:4      | Reached skill level 1 in Translocations
  5792 | D:5      | Entered Level 5 of the Dungeon
  5793 | D:5      | Noticed a water moccasin
  5795 | D:5      | Reached XP level 7. HP: 57/57 MP: 11/15
  5843 | D:5      | Noticed Duvessa
  5883 | D:5      | Noticed Dowan
  5951 | D:5      | Killed Dowan
  5961 | D:5      | Mangled by Duvessa

Illustrated notes

Levels and vault maps discovered:
D:1:      dpeg_arrival_short_road, layout_rooms
D:2:      layout_loops_ring
D:3:      layout_basic, nicolae_uskayaw_murder_on_the_dancefloor,
          grunt_ministairs_2, uniq_jessica, uniq_robin
D:4:      layout_layer_cave
D:5:      layout_basic, minmay_temple_entry_glassed_door, serial_shops,
          nicolae_shop_window_shopping, uniq_eustachio, uniq_blork_the_orc,
          uniq_duvessa

Skill      XL: |  1  2  3  4  5  6 |
---------------+-------------------+-----
Spellcasting   | 2 3 |  3.9
Fighting       | 1 2 3 |  3.5
Conjurations   | 4 5 |  5.3
Hexes          | 1 2 |  2.9
Translocations | 1 |  1.7
Dodging        | |  1.8
Stealth        | |  1.8

Action                     |  1- 3 |  4- 6 |  7- 9 || total
---------------------------+-------+-------+-------++-------
  Melee: Unarmed           |     5 |       |       ||     5
         Dagger            |       |    11 |       ||    11
   Cast: Magic Dart        |    59 |    57 |     1 ||   117
         Searing Ray       |     5 |    30 |     6 ||    41
    Use: Scroll            |     8 |       |     1 ||     9
         Potion            |       |       |     2 ||     2
 Armour: Robe              |    10 |    33 |     2 ||    45
  Dodge: Dodged            |     8 |    65 |    10 ||    83

Table legend: (Time is in decaauts)
 A = Elapsed time spent in this place.
 B = Non-inter-level travel time spent in this place.
 C = Inter-level travel time spent in this place.
 D = Time resting spent in this place.
 E = Time spent auto-exploring this place.
 F = Levels seen in this place.
 G = Mean time per level.
                   A        B        C        D        E       F      G
               +--------+--------+--------+--------+--------+-----+--------+
         Total |   5973 |   5647 |    326 |   2210 |   2632 |   5 | 1194.6 |
       Dungeon |   5973 |   5647 |    326 |   2210 |   2632 |   5 | 1194.6 |
               +--------+--------+--------+--------+--------+-----+--------+

Top non-repeatable levels by time:
     D:2: 2343 daAuts
     D:4: 1667 daAuts
     D:3: 1114 daAuts
     D:1: 804 daAuts
     D:5: 44 daAuts
